 Dungeon Crawl Stone Soup version 0.31-a0-426-g3a05650e59 (webtiles) character file.

Game seed: 14638699167350777683

4 bobarctor the Firebug (level 1, 17/17 HPs)
             Began as a Demonspawn Wanderer on July 31, 2023.
             Got out of the dungeon alive.
             The game lasted 00:03:19 (412 turns).

bobarctor the Firebug (Demonspawn Wanderer)          Turns: 412, Time: 00:03:20

Health: 17/17      AC:  2    Str: 12    XL:     1   Next: 58%
Magic:  2/2        EV: 11    Int: 13    God:
Gold:   0          SH:  0    Dex: 12    Spells: 1/2 levels left

rFire   . . .        a - +0 club
rCold   . . .        (no shield)
rNeg    . . .        c - +0 robe
rPois   .            (no helmet)
rElec   .            (no cloak)
rCorr   .            (no gloves)
SInv    .            (no boots)
Will    .....        (no amulet)
Stlth   ++           (no ring)
HPRegen 0.22/turn    (no ring)
MPRegen 0.08/turn

%: no passive effects
@: no status effects
A: no striking features
a: no special abilities


You escaped.
You visited 1 branch of the dungeon, and saw 1 of its levels.

Inventory:

Hand Weapons
 a - a +0 club (weapon)
Armour
 c - a +0 robe (worn)
Scrolls
 d - a scroll of fog
 e - a scroll of enchant weapon {unknown}
 f - a scroll of silence {unknown}
 g - a scroll of teleportation {unknown}
Potions
 b - a potion of attraction
 h - a potion of mutation {unknown}


   Skills:
 + Level 2.3 Fighting
 + Level 1.0 Stealth
 * Level 1.0 Spellcasting
 + Level 2.6 Fire Magic
 + Level 2.1 Poison Magic
 - Level 1.0 Evocations


You had one spell level left.
You knew the following spells:

 Your Spells              Type           Power      Damage    Failure   Level
a - Sting                 Tmut/Pois      12%        1d3       19%         1

Your spell library contained the following spells:

 Spells                   Type           Power      Damage    Failure   Level
 Foxfire                  Conj/Fire      16%        2x1d4     16%         1
 Poisonous Vapours        Pois/Air       6%         N/A       28%         2
 Ignite Poison            Fire/Tmut/Pois 4%         N/A       41%         3
 Volatile Blastmotes      Fire/Tloc      8%         2d10      43%         3


Dungeon Overview and Level Annotations

Branches:
Dungeon (1/15)

Altars:


Message History

You closely miss the quokka.
The quokka is severely wounded.
The quokka barely misses you. The quokka bites you.
You closely miss the quokka.
The quokka is almost dead.
You kill the quokka!
You start resting.
Magic restored.
You start resting.
HP restored.
You see here a quokka corpse.
A ball python comes into view.
A ball python is nearby!
The ball python hisses angrily.
You hit the ball python.
The ball python is moderately wounded.
The ball python bites you. The ball python grabs you.
The ball python constricts you. The ball python bites you.
The ball python constricts you.
You closely miss the ball python.
The ball python is moderately wounded.
The ball python barely misses you. The ball python constricts you.
You barely miss the ball python.
The ball python is moderately wounded.
The ball python barely misses you. The ball python constricts you.
The ball python barely misses you. The ball python constricts you.
You hit the ball python.
The ball python is severely wounded.
The ball python barely misses you. The ball python constricts you.
You hit the ball python but do no damage.
The ball python is severely wounded.
The ball python barely misses you. The ball python constricts you.
The ball python bites you. The ball python constricts you.
You hit the ball python.
You kill the ball python!
You see here a quokka corpse.
You enter the shallow water.
Moving in this stuff is going to be slow.
There is a staircase leading out of the dungeon here.
Are you sure you want to leave the Dungeon?
This will make you lose the game!
You have escaped!

###############
≈≈≈§§§≈≈≈≈≈≈≈≈≈
#§≈≈§§.....§≈§≈§
#§≈..§§~~~....≈≈
#≈...~~~.~~~...≈
....~~~.@..~~..≈
#≈...~~~.~~~...≈
#≈§....~~~§...≈≈
#≈≈≈≈≈....§§§≈≈≈
#≈≈≈≈≈≈§.§≈≈≈≈≈≈
###########.#######
#.......# #..#######
#.#####.# ##.......#
#.....#.####.#####.#


There were no monsters in sight!

Vanquished Creatures
  A bat (D:1)
  2 quokkas (D:1)
  A ball python (D:1)
4 creatures vanquished.

Notes
Turn   | Place    | Note
-------+----------+-------------------------------------------
     0 | D:1      | bobarctor the Demonspawn Wanderer began the quest for the
                  | Orb.
     0 | D:1      | bobarctor set off with the following items: a +0 club, a
                  | potion of attraction, a +0 robe, a scroll of fog; and the
                  | following spells available to memorise: Foxfire, Sting,
                  | Poisonous Vapours, Ignite Poison, Volatile Blastmotes.
     0 | D:1      | Reached XP level 1. HP: 16/16 MP: 2/2
     2 | D:1      | Learned a level 1 spell: Sting
   412 | D:$      | Got out of the dungeon alive.

Illustrated notes

Levels and vault maps discovered:
D:1:      dpeg_arrival_shrine, layout_basic,
          hellmonk_ecumenical_altar_crossroads

Action                     || total
---------------------------++-------
  Melee: Club              ||    17
   Cast: Sting             ||     6
 Armour: Robe              ||     5
  Dodge: Dodged            ||    15

Table legend: (Time is in decaauts)
 A = Elapsed time spent in this place.
 B = Non-inter-level travel time spent in this place.
 C = Inter-level travel time spent in this place.
 D = Time resting spent in this place.
 E = Time spent auto-exploring this place.
 F = Levels seen in this place.
 G = Mean time per level.
                   A        B        C        D        E       F      G
               +--------+--------+--------+--------+--------+-----+--------+
         Total |    418 |    354 |     64 |     66 |    219 |   1 |  418.0 |
       Dungeon |    418 |    354 |     64 |     66 |    219 |   1 |  418.0 |
               +--------+--------+--------+--------+--------+-----+--------+

Top non-repeatable levels by time:
     D:1: 418 daAuts
